[Event "Schachbundesliga-Munich"]
[Site "Munich/Germany"]
[Date "2010.03.21"]
[Round "13.1"]
[White "Romanov"]
[Black "Tiviakov"]
[Result "1/2-1/2"]
[ECO "A17"]
[WhiteElo "2588"]
[BlackElo "2670"]
[Annotator "Robot 3"]
[PlyCount "41"]
[EventDate "2010.??.??"]
[WhiteTeam "ERF"]
[BlackTeam "EPP"]
[TimeControl "40/6000+30:20/3000+30:900+30"]

1. Nf3 Nf6 2. c4 b6 3. g3 Bb7 4. Bg2 e6 5. O-O Be7 6. Nc3 O-O 7. Re1 Ne4 8.
Nxe4 Bxe4 9. d3 Bb7 10. e4 c5 11. d4 cxd4 12. Nxd4 Nc6 13. b3 Nxd4 14. Qxd4 e5
15. Qd2 Bc5 16. Bb2 Qe7 17. a3 a5 18. Bc3 Bxa3 19. Bxe5 Qxe5 20. Rxa3 Bc6 21.
Raa1 1/2-1/2

[Event "Schachbundesliga-Munich"]
[Site "Munich/Germany"]
[Date "2010.03.21"]
[Round "13.3"]
[White "Enders"]
[Black "Berkes"]
[Result "0-1"]
[ECO "B19"]
[WhiteElo "2467"]
[BlackElo "2663"]
[Annotator "Robot 3"]
[PlyCount "98"]
[EventDate "2010.??.??"]
[WhiteTeam "ERF"]
[BlackTeam "EPP"]
[TimeControl "40/6000+30:20/3000+30:900+30"]

1. e4 c6 2. d4 d5 3. Nd2 dxe4 4. Nxe4 Bf5 5. Ng3 Bg6 6. h4 h6 7. Nf3 Nd7 8. h5
Bh7 9. Bd3 Bxd3 10. Qxd3 e6 11. Bf4 Qa5+ 12. Bd2 Bb4 13. c3 Be7 14. c4 Qc7 15.
O-O-O Ngf6 16. Rhe1 a5 17. Kb1 O-O 18. Bc1 Rfd8 19. Qc2 a4 20. Re2 a3 21. b3
Bd6 22. Ne4 Bf4 23. Rh1 Bxc1 24. Qxc1 c5 25. Nc3 cxd4 26. Nxd4 Nc5 27. Rh4 Rd7
28. Ndb5 Qd8 29. Rh1 Nd3 30. Qe3 Nb4 31. Rc1 Rd3 32. Qc5 Rd2 33. Qe3 Rd3 34.
Qc5 Qa5 35. Qc7 Qxc7 36. Nxc7 Rad8 37. N7b5 Nxh5 38. Nxa3 Nf4 39. Re5 Rxc3 40.
Rxc3 Rd1+ 41. Kb2 Rd2+ 42. Kb1 Rxf2 43. Rb5 Nfd3 44. Rxd3 Nxd3 45. g4 f5 46.
gxf5 exf5 47. Rxb7 f4 48. Rd7 Rb2+ 49. Ka1 Rd2 0-1

[Event "Schachbundesliga-Munich"]
[Site "Munich/Germany"]
[Date "2010.03.21"]
[Round "13.2"]
[White "Postny"]
[Black "Casper"]
[Result "1/2-1/2"]
[ECO "A53"]
[WhiteElo "2651"]
[BlackElo "2395"]
[Annotator "Robot 3"]
[PlyCount "99"]
[EventDate "2010.??.??"]
[WhiteTeam "EPP"]
[BlackTeam "ERF"]
[TimeControl "40/6000+30:20/3000+30:900+30"]

1. d4 Nf6 2. c4 d6 3. Nc3 Nbd7 4. e4 e5 5. d5 Nc5 6. f3 a5 7. Be3 Be7 8. Qd2
O-O 9. O-O-O Ne8 10. g3 f5 11. exf5 Bxf5 12. h4 a4 13. g4 Bd7 14. Be2 Nf6 15.
Nh3 e4 16. Rdg1 exf3 17. Bxf3 Bc8 18. Qc2 Qe8 19. Bxc5 dxc5 20. Re1 Bxg4 21.
Bxg4 Nxg4 22. Rhg1 h5 23. d6 cxd6 24. Nd5 Ne5 25. Nhf4 Bxh4 26. Ng6 Bg5+ 27.
Kb1 Qxg6 28. Ne7+ Bxe7 29. Rxg6 Nxg6 30. Qxg6 Bf6 31. Qxh5 Be5 32. Qh1 Rf7 33.
Qd5 Re8 34. Re2 Ree7 35. Kc2 g6 36. Rg2 Kg7 37. Qd3 Rf6 38. Qa3 Ref7 39. Qxa4
Rf2+ 40. Rxf2 Rxf2+ 41. Kd3 Rxb2 42. Qd7+ Kh6 43. a4 b6 44. Ke4 Rb4 45. Kd5 Kg5
46. Qe7+ Kf5 47. Qf7+ Kg5 48. Qe7+ Kf5 49. Qh7 Kg5 50. Qe7+ 1/2-1/2

[Event "Schachbundesliga-Munich"]
[Site "Munich/Germany"]
[Date "2010.03.21"]
[Round "13.4"]
[White "Gyimesi"]
[Black "Mueller"]
[Result "1-0"]
[ECO "D44"]
[WhiteElo "2594"]
[BlackElo "2410"]
[Annotator "Robot 3"]
[PlyCount "71"]
[EventDate "2010.??.??"]
[WhiteTeam "EPP"]
[BlackTeam "ERF"]
[TimeControl "40/6000+30:20/3000+30:900+30"]

1. d4 d5 2. c4 c6 3. Nf3 Nf6 4. Nc3 e6 5. Bg5 dxc4 6. a4 Bb4 7. e4 c5 8. Bxc4
cxd4 9. Nxd4 h6 10. Bf4 O-O 11. O-O Nc6 12. Nxc6 bxc6 13. Qxd8 Rxd8 14. Rfd1
Bb7 15. f3 a5 16. Be3 Nd7 17. Kf1 Kf8 18. Rac1 Bc5 19. Ke2 Bxe3 20. Kxe3 Ke7
21. Nb1 Rdb8 22. Nd2 Ba6 23. b3 Rb4 24. Rc3 Bb7 25. Be2 Ra7 26. g3 f5 27. exf5
exf5 28. Kf2 Nf6 29. Bc4 Bc8 30. Re3+ Kf8 31. Re5 Bd7 32. Rde1 Bc8 33. Rc5 Bd7
34. Ree5 Nd5 35. Bxd5 cxd5 36. Rcxd5 1-0

[Event "Schachbundesliga-Munich"]
[Site "Munich/Germany"]
[Date "2010.03.21"]
[Round "13.5"]
[White "Voekler"]
[Black "Ruck"]
[Result "1-0"]
[ECO "B19"]
[WhiteElo "2393"]
[BlackElo "2548"]
[Annotator "Robot 3"]
[PlyCount "109"]
[EventDate "2010.??.??"]
[WhiteTeam "ERF"]
[BlackTeam "EPP"]
[TimeControl "40/6000+30:20/3000+30:900+30"]

1. e4 c6 2. d4 d5 3. Nc3 dxe4 4. Nxe4 Bf5 5. Ng3 Bg6 6. Nf3 Nd7 7. h4 h6 8. h5
Bh7 9. Bd3 Bxd3 10. Qxd3 e6 11. Bf4 Qa5+ 12. Bd2 Bb4 13. c3 Be7 14. c4 Qc7 15.
O-O-O Ngf6 16. Rhe1 a5 17. Kb1 O-O 18. Ne5 b5 19. Rc1 bxc4 20. Qxc4 c5 21. Ng6
Nb6 22. Nxe7+ Qxe7 23. Qb5 Nbd5 24. dxc5 Rfb8 25. Qc4 Qb7 26. Rc2 Qc6 27. f3
Rb5 28. Ne2 e5 29. Nc1 Nb4 30. Bxb4 Rxb4 31. Qc3 e4 32. a3 Rb5 33. Nb3 Qd5 34.
Nd4 Rb7 35. Qc4 Qxh5 36. fxe4 Re7 37. Nf5 Rc7 38. c6 Re8 39. Nd6 Re6 40. Qd4
Qh4 41. Rd1 Qf4 42. e5 Qxe5 43. Qxe5 Rxe5 44. b4 axb4 45. axb4 Rd5 46. Rxd5
Nxd5 47. b5 Kf8 48. Kb2 Ke7 49. Nc4 Nb4 50. Re2+ Kd8 51. Rd2+ Kc8 52. Nb6+ Kb8
53. Rd8+ Ka7 54. Nc4 Nxc6 55. b6+ 1-0

[Event "Schachbundesliga-Munich"]
[Site "Munich/Germany"]
[Date "2010.03.21"]
[Round "13.7"]
[White "Troyke"]
[Black "Guliyev"]
[Result "1/2-1/2"]
[ECO "E04"]
[WhiteElo "2350"]
[BlackElo "2525"]
[Annotator "Robot 3"]
[PlyCount "114"]
[EventDate "2010.??.??"]
[WhiteTeam "ERF"]
[BlackTeam "EPP"]
[TimeControl "40/6000+30:20/3000+30:900+30"]

1. g3 Nf6 2. Bg2 d5 3. Nf3 c5 4. O-O Nc6 5. d4 e6 6. c4 dxc4 7. Qa4 cxd4 8.
Nxd4 Qxd4 9. Bxc6+ Bd7 10. Bxd7+ Qxd7 11. Qxc4 Be7 12. Nc3 Rc8 13. Qb3 O-O 14.
Rd1 Qc6 15. Be3 b6 16. Rac1 Qb7 17. h3 h6 18. a4 Rc6 19. a5 Rfc8 20. axb6 axb6
21. Ra1 Bc5 22. Bd4 Qe7 23. Nb5 Bxd4 24. Nxd4 Rd6 25. Nb5 Rxd1+ 26. Rxd1 Qc5
27. Nc3 g5 28. e3 Kg7 29. Rd4 Qf5 30. Kg2 Rc6 31. Rb4 g4 32. hxg4 Nxg4 33. Rf4
Qh5 34. Qd1 Qh2+ 35. Kf1 Qh1+ 36. Ke2 Qxd1+ 37. Kxd1 f5 38. Ke2 Kf6 39. Rb4 Ne5
40. e4 Nc4 41. exf5 Kxf5 42. Nb5 Kf6 43. Nd4 Rc5 44. b3 Nd6 45. Rxb6 Rd5 46.
Nf3 h5 47. Nd2 Kf5 48. Nc4 Nxc4 49. bxc4 Rd4 50. Rc6 h4 51. Rc5+ e5 52. gxh4
Rxh4 53. Rc8 Ke4 54. Rd8 Rh3 55. Rg8 Kd4 56. Rg4+ e4 57. c5 Ke5 1/2-1/2

[Event "Schachbundesliga-Munich"]
[Site "Munich/Germany"]
[Date "2010.03.21"]
[Round "13.6"]
[White "Bindrich"]
[Black "Schoene"]
[Result "1-0"]
[ECO "E63"]
[WhiteElo "2516"]
[BlackElo "2274"]
[Annotator "Robot 3"]
[PlyCount "43"]
[EventDate "2010.??.??"]
[WhiteTeam "EPP"]
[BlackTeam "ERF"]
[TimeControl "40/6000+30:20/3000+30:900+30"]

1. Nf3 Nf6 2. g3 g6 3. Bg2 Bg7 4. O-O O-O 5. d4 d6 6. c4 Nc6 7. Nc3 a6 8. b3
Bd7 9. Bb2 e5 10. dxe5 dxe5 11. Nd5 Re8 12. Qd2 Bf5 13. Nh4 Be6 14. Rad1 Nd7
15. f4 exf4 16. Bxg7 Kxg7 17. Nxf4 Nf6 18. Qc3 Qe7 19. Rf2 Rf8 20. Rdf1 Rad8
21. Bxc6 bxc6 22. Nfg2 1-0

[Event "Schachbundesliga-Munich"]
[Site "Munich/Germany"]
[Date "2010.03.21"]
[Round "13.8"]
[White "Mann"]
[Black "Schuetze"]
[Result "1-0"]
[ECO "B20"]
[WhiteElo "2454"]
[BlackElo "2278"]
[Annotator "Robot 3"]
[PlyCount "87"]
[EventDate "2010.??.??"]
[WhiteTeam "EPP"]
[BlackTeam "ERF"]
[TimeControl "40/6000+30:20/3000+30:900+30"]

1. g3 g6 2. Bg2 Bg7 3. e4 c5 4. Ne2 Nc6 5. O-O d6 6. c3 e5 7. d3 Nge7 8. a3 O-O
9. b4 Be6 10. b5 Na5 11. c4 f5 12. exf5 gxf5 13. Nbc3 d5 14. Bg5 dxc4 15. dxc4
Qxd1 16. Raxd1 Bf6 17. Bxf6 Rxf6 18. Nd5 Nxd5 19. cxd5 Bd7 20. Nc3 Nc4 21. d6
Nxd6 22. Bxb7 Rb8 23. Bd5+ Kg7 24. a4 Be8 25. Rde1 e4 26. f3 Bg6 27. Ne2 Bf7
28. fxe4 fxe4 29. Rxf6 Kxf6 30. Rf1+ Ke7 31. Bxf7 Nxf7 32. Nc3 Nd6 33. Rf4 Ke6
34. Nxe4 Nxe4 35. Rxe4+ Kd5 36. Re7 a6 37. bxa6 Rb6 38. a7 Ra6 39. Rxh7 c4 40.
Rc7 Rxa4 41. h4 Ra2 42. h5 c3 43. Rxc3 Rxa7 44. Kg2 1-0

[Event "Schachbundesliga-Munich"]
[Site "Munich/Germany"]
[Date "2010.03.21"]
[Round "13.1"]
[White "Bezold"]
[Black "Lupulescu"]
[Result "1/2-1/2"]
[ECO "A34"]
[WhiteElo "2517"]
[BlackElo "2599"]
[Annotator "Robot 3"]
[PlyCount "41"]
[EventDate "2010.??.??"]
[WhiteTeam "BAY"]
[BlackTeam "TRI"]
[TimeControl "40/6000+30:20/3000+30:900+30"]

1. c4 Nf6 2. g3 c5 3. Bg2 d5 4. cxd5 Nxd5 5. Nc3 Nc7 6. Qb3 Nc6 7. Bxc6+ bxc6
8. Qa4 e5 9. Nf3 f6 10. d3 Be7 11. Qxc6+ Bd7 12. Qe4 O-O 13. Nd5 Rb8 14. Nxc7
Qxc7 15. Qc4+ Kh8 16. b3 Rb4 17. Qc2 Bc6 18. Bd2 Rg4 19. h3 Rg6 20. Bc3 Bd6 21.
e4 1/2-1/2

[Event "Schachbundesliga-Munich"]
[Site "Munich/Germany"]
[Date "2010.03.21"]
[Round "13.6"]
[White "Erdos"]
[Black "Meissner"]
[Result "1/2-1/2"]
[ECO "A65"]
[WhiteElo "2591"]
[BlackElo "2410"]
[Annotator "Robot 3"]
[PlyCount "103"]
[EventDate "2010.??.??"]
[WhiteTeam "TRI"]
[BlackTeam "BAY"]
[TimeControl "40/6000+30:20/3000+30:900+30"]

1. d4 Nf6 2. c4 c5 3. d5 e6 4. Nc3 exd5 5. cxd5 d6 6. e4 g6 7. Bd3 Bg7 8. h3
O-O 9. Bg5 Re8 10. Nf3 c4 11. Bc2 Qb6 12. O-O Qxb2 13. Bd2 Qb6 14. Rb1 Qd8 15.
Re1 a6 16. a4 Nbd7 17. Rb4 Nh5 18. Rxc4 Ne5 19. Rb4 Rb8 20. Nh2 Bd7 21. g4 a5
22. Rb3 Nf6 23. f4 Nc4 24. Bc1 h6 25. Kg2 Nh7 26. Nb5 Rc8 27. Bd3 Bxb5 28. Rxb5
Re7 29. Qb3 Rec7 30. Rxb7 Rxb7 31. Qxb7 Nb2 32. Qb3 Nxd3 33. Qxd3 Rc3 34. Qe2
Qh4 35. Be3 Rb3 36. Nf3 Qe7 37. e5 dxe5 38. fxe5 Qd7 39. Rd1 Qxa4 40. Bf2 Rb2
41. Qxb2 Qxd1 42. Qb5 Ng5 43. Nxg5 hxg5 44. e6 fxe6 45. dxe6 Qd8 46. Qd7 Bf6
47. Bb6 Qxb6 48. Qf7+ Kh8 49. Qxf6+ Kh7 50. Kf3 Kg8 51. Kg2 a4 52. Kh2 1/2-1/2

[Event "Schachbundesliga-Munich"]
[Site "Munich/Germany"]
[Date "2010.03.21"]
[Round "13.5"]
[White "Belezky"]
[Black "Jaracz"]
[Result "1/2-1/2"]
[ECO "A04"]
[WhiteElo "2463"]
[BlackElo "2547"]
[Annotator "Robot 3"]
[PlyCount "40"]
[EventDate "2010.??.??"]
[WhiteTeam "BAY"]
[BlackTeam "TRI"]
[TimeControl "40/6000+30:20/3000+30:900+30"]

1. e4 c5 2. Nf3 e6 3. d3 Nc6 4. g3 g6 5. Bg2 Bg7 6. O-O Nge7 7. c3 e5 8. a3 O-O
9. b4 cxb4 10. axb4 b5 11. d4 exd4 12. Nxd4 a5 13. bxa5 Nxd4 14. cxd4 Rxa5 15.
Rxa5 Qxa5 16. Bd2 b4 17. Qb3 Ba6 18. Rd1 Bxd4 19. Qxb4 Qh5 20. Re1 Nc6 1/2-1/2

[Event "Schachbundesliga-Munich"]
[Site "Munich/Germany"]
[Date "2010.03.21"]
[Round "13.4"]
[White "Gordon"]
[Black "Renner"]
[Result "1-0"]
[ECO "A81"]
[WhiteElo "2535"]
[BlackElo "2440"]
[Annotator "Robot 3"]
[PlyCount "57"]
[EventDate "2010.??.??"]
[WhiteTeam "TRI"]
[BlackTeam "BAY"]
[TimeControl "40/6000+30:20/3000+30:900+30"]

1. d4 f5 2. g3 Nf6 3. Bg2 g6 4. Nf3 Bg7 5. O-O O-O 6. b3 d6 7. Bb2 Ne4 8. Nbd2
Nc6 9. Ne1 Ng5 10. f4 Nf7 11. Nef3 e5 12. d5 Ne7 13. e4 c6 14. dxc6 exf4 15.
Bxg7 Kxg7 16. cxb7 Bxb7 17. Nd4 Qc8 18. Rxf4 Ng5 19. h4 Qc5 20. exf5 Rxf5 21.
b4 Qc3 22. Nxf5+ Nxf5 23. Rxf5 Qe3+ 24. Kh2 gxf5 25. hxg5 f4 26. Bxb7 Qxg3+ 27.
Kh1 Qh4+ 28. Kg1 Re8 29. Bg2 1-0

[Event "Schachbundesliga-Munich"]
[Site "Munich/Germany"]
[Date "2010.03.21"]
[Round "13.3"]
[White "Schenk"]
[Black "Haslinger"]
[Result "1/2-1/2"]
[ECO "D11"]
[WhiteElo "2509"]
[BlackElo "2529"]
[Annotator "Robot 3"]
[PlyCount "39"]
[EventDate "2010.??.??"]
[WhiteTeam "BAY"]
[BlackTeam "TRI"]
[TimeControl "40/6000+30:20/3000+30:900+30"]

1. d4 d5 2. c4 c6 3. Nf3 Nf6 4. e3 Bg4 5. h3 Bh5 6. cxd5 Bxf3 7. Qxf3 cxd5 8.
Nc3 Nc6 9. Bd2 e6 10. Qg3 Nh5 11. Qg4 Nf6 12. Qg3 Nh5 13. Qf3 Nf6 14. Rc1 Bd6
15. Bd3 O-O 16. O-O Qe7 17. Rfd1 Rfd8 18. Bf1 Rac8 19. g3 a6 20. Bg2 1/2-1/2

[Event "Schachbundesliga-Munich"]
[Site "Munich/Germany"]
[Date "2010.03.21"]
[Round "13.2"]
[White "Cyborowski"]
[Black "Bromberger"]
[Result "1-0"]
[ECO "D45"]
[WhiteElo "2503"]
[BlackElo "2518"]
[Annotator "Robot 3"]
[PlyCount "109"]
[EventDate "2010.??.??"]
[WhiteTeam "TRI"]
[BlackTeam "BAY"]
[TimeControl "40/6000+30:20/3000+30:900+30"]

1. d4 Nf6 2. Nf3 e6 3. c4 d5 4. Nc3 c6 5. e3 Nbd7 6. Qc2 Bd6 7. b3 O-O 8. Be2
Qe7 9. O-O Re8 10. Bb2 dxc4 11. Bxc4 a6 12. Ne4 Nxe4 13. Qxe4 c5 14. Rfd1 Nf6
15. Qh4 cxd4 16. Qxd4 Bc5 17. Qh4 Nd7 18. Qh5 h6 19. Ne5 b5 20. Nc6 Qg5 21.
Qxg5 hxg5 22. Be2 Nf6 23. Rac1 Bf8 24. Na5 Ra7 25. Bf3 Rd7 26. Bc6 Rxd1+ 27.
Rxd1 Nd7 28. Bc3 Re7 29. Bb4 Re8 30. Bc3 Re7 31. h3 f6 32. a4 bxa4 33. Bxa4 Nc5
34. Bb4 Rc7 35. Rd8 Kf7 36. Rxf8+ Kxf8 37. Bc6 Bd7 38. Bxd7 Kf7 39. Bxc5 Rxc5
40. Nc4 Rd5 41. Ba4 Rd1+ 42. Kh2 Ke7 43. Kg3 Kd8 44. h4 gxh4+ 45. Kxh4 g5+ 46.
Kg4 Rf1 47. Kf3 g4+ 48. Ke2 Rg1 49. g3 Ke7 50. e4 Ra1 51. Ne3 Ra2+ 52. Kf1 Ra1+
53. Ke2 Ra2+ 54. Ke1 Ra1+ 55. Kd2 1-0

[Event "Schachbundesliga-Munich"]
[Site "Munich/Germany"]
[Date "2010.03.21"]
[Round "13.7"]
[White "Meister"]
[Black "Flumbort"]
[Result "1-0"]
[ECO "D90"]
[WhiteElo "2396"]
[BlackElo "2513"]
[Annotator "Robot 3"]
[PlyCount "87"]
[EventDate "2010.??.??"]
[WhiteTeam "BAY"]
[BlackTeam "TRI"]
[TimeControl "40/6000+30:20/3000+30:900+30"]

1. d4 Nf6 2. c4 g6 3. Nc3 d5 4. Nf3 Bg7 5. cxd5 Nxd5 6. Na4 Nb6 7. e4 O-O 8. h3
Nxa4 9. Qxa4 c5 10. dxc5 Nd7 11. c6 Nc5 12. Qc2 Qb6 13. Be3 Bxb2 14. Rb1 Bc3+
15. Kd1 Qa5 16. Bxc5 Qxc5 17. Rb3 Qd6+ 18. Bd3 Bg7 19. cxb7 Bxb7 20. Rxb7 Rfc8
21. Qb1 Rab8 22. Rb3 a5 23. Ke2 a4 24. Rb5 Rxb5 25. Bxb5 Rb8 26. Rd1 Qb6 27.
Bd3 Qc7 28. Qc1 Rb2+ 29. Kf1 Qxc1 30. Rxc1 Rxa2 31. Rc8+ Bf8 32. Ne5 Kg7 33.
Nd7 Rd2 34. Rc3 Ra2 35. Bc2 a3 36. Ke2 Rb2 37. Kd3 Rb7 38. Ba4 Rb2 39. Ke3 a2
40. Ra3 e5 41. Nxf8 Kxf8 42. g4 Ke7 43. Kf3 Kd6 44. Kg2 1-0

[Event "Schachbundesliga-Munich"]
[Site "Munich/Germany"]
[Date "2010.03.21"]
[Round "13.8"]
[White "Cioara"]
[Black "Reich"]
[Result "1/2-1/2"]
[ECO "D73"]
[WhiteElo "2415"]
[BlackElo "2368"]
[Annotator "Robot 3"]
[PlyCount "120"]
[EventDate "2010.??.??"]
[WhiteTeam "TRI"]
[BlackTeam "BAY"]
[TimeControl "40/6000+30:20/3000+30:900+30"]

1. d4 Nf6 2. c4 g6 3. Nf3 Bg7 4. g3 d5 5. Bg2 dxc4 6. Na3 c5 7. Nxc4 Nc6 8. Be3
Ng4 9. dxc5 Qxd1+ 10. Rxd1 Be6 11. Nfd2 Nxe3 12. fxe3 O-O-O 13. Rc1 h5 14. a3
h4 15. b4 Ne5 16. O-O hxg3 17. hxg3 Bh6 18. Rf4 Bxf4 19. exf4 Nxc4 20. Nxc4
Bxc4 21. Rxc4 Rd1+ 22. Kf2 Rhd8 23. Rc3 Kc7 24. Bf3 R8d2 25. c6 b6 26. Ke3 Ra2
27. Kf2 Rdd2 28. Ke3 Rac2 29. Rb3 b5 30. Kf2 Rd4 31. Re3 e6 32. Rb3 Kb6 33. Re3
a5 34. bxa5+ Kxa5 35. Rb3 Ka4 36. Re3 Rc5 37. Bg2 g5 38. fxg5 Rxg5 39. Rc3 Rc4
40. Rd3 Rgc5 41. Rd7 Kxa3 42. Rxf7 Rf5+ 43. Rxf5 exf5 44. Ke3 b4 45. Bd5 Rc2
46. Kf4 b3 47. Bxb3 Kxb3 48. Kxf5 Kc4 49. g4 Kd5 50. g5 Rxe2 51. Kf6 Re6+ 52.
Kf5 Re8 53. Kf6 Rf8+ 54. Ke7 Rg8 55. c7 Rg7+ 56. Kf6 Rxc7 57. g6 Rc6+ 58. Kf7
Ke5 59. g7 Rc7+ 60. Kg6 Rxg7+ 1/2-1/2

[Event "Schachbundesliga-Katernberg"]
[Site "Katernberg/Germany"]
[Date "2010.03.21"]
[Round "13.1"]
[White "Volokitin"]
[Black "Mamedyarov"]
[Result "1/2-1/2"]
[ECO "C68"]
[WhiteElo "2681"]
[BlackElo "2721"]
[Annotator "Robot 3"]
[PlyCount "52"]
[EventDate "2010.??.??"]
[WhiteTeam "KAT"]
[BlackTeam "WBR"]
[TimeControl "40/6000+30:20/5400+30:900+30"]

1. e4 e5 2. Nf3 Nc6 3. Bb5 a6 4. Bxc6 dxc6 5. O-O Qf6 6. d4 exd4 7. Bg5 Qd6 8.
Nxd4 Bd7 9. Bh4 Qh6 10. Nf3 Bg4 11. Bg3 Bd6 12. Qd4 Bxf3 13. gxf3 Qg6 14. Nd2
Rd8 15. Qe3 Ne7 16. Nc4 O-O 17. Rad1 h5 18. Kh1 Qe6 19. b3 Ng6 20. Qg5 Qh3 21.
Qf5 Qxf5 22. exf5 Bxg3 23. hxg3 Ne7 24. Ne3 Rd6 25. Kg2 Rfd8 26. Rde1 Nd5
1/2-1/2

[Event "Schachbundesliga-Katernberg"]
[Site "Katernberg/Germany"]
[Date "2010.03.21"]
[Round "13.6"]
[White "Areshchenko"]
[Black "Zaragatski"]
[Result "1-0"]
[ECO "C10"]
[WhiteElo "2667"]
[BlackElo "2475"]
[Annotator "Robot 3"]
[PlyCount "73"]
[EventDate "2010.??.??"]
[WhiteTeam "WBR"]
[BlackTeam "KAT"]
[TimeControl "40/6000+30:20/5400+30:900+30"]

1. e4 e6 2. d4 d5 3. Nc3 Nc6 4. Nf3 Nf6 5. Bd3 Bb4 6. O-O Bxc3 7. exd5 Nxd4 8.
bxc3 Nxf3+ 9. Qxf3 Qxd5 10. Qg3 O-O 11. c4 Qd4 12. Be3 Qg4 13. Qxc7 b6 14. f3
Qh4 15. Bf2 Qh6 16. a4 Ba6 17. a5 Rfc8 18. Qd6 Rd8 19. Qb4 Qf4 20. axb6 axb6
21. Qxb6 Rd6 22. Qc7 Ne8 23. Qe7 Rc6 24. Be4 Rc7 25. Qh4 Qxh4 26. Bxh4 Bb7 27.
Rxa8 Bxa8 28. Bxa8 Rxc4 29. Bg3 Rxc2 30. Rb1 Rc8 31. Rb8 Rxb8 32. Bxb8 h5 33.
Be5 Kh7 34. Bc6 Nf6 35. Kf2 Kg6 36. Kg3 Kg5 37. Be8 1-0

[Event "Schachbundesliga-Katernberg"]
[Site "Katernberg/Germany"]
[Date "2010.03.21"]
[Round "13.5"]
[White "Glek"]
[Black "Fressinet"]
[Result "0-1"]
[ECO "C47"]
[WhiteElo "2537"]
[BlackElo "2658"]
[Annotator "Robot 3"]
[PlyCount "111"]
[EventDate "2010.??.??"]
[WhiteTeam "KAT"]
[BlackTeam "WBR"]
[TimeControl "40/6000+30:20/5400+30:900+30"]

1. e4 e5 2. Nf3 Nc6 3. Nc3 Nf6 4. g3 d5 5. exd5 Nxd5 6. Bg2 Nxc3 7. bxc3 Bc5 8.
O-O O-O 9. d3 Bg4 10. h3 Bh5 11. g4 Bg6 12. Ng5 h6 13. Ne4 Bb6 14. Ba3 Re8 15.
Kh2 Qd7 16. Rb1 Nd8 17. f4 exf4 18. Rxf4 Ne6 19. Rf1 c6 20. Kh1 Bxe4 21. Bxe4
Ng5 22. Bg2 Re6 23. Rf5 g6 24. Rf4 Rae8 25. Qf1 Bc7 26. Rf6 Bb8 27. Bc5 Re2 28.
Bg1 Rxc2 29. Rf2 Rxc3 30. Re2 Rxe2 31. Qxe2 Rxd3 32. h4 Ne6 33. Rxb7 Qxb7 34.
Qxd3 Qc7 35. Qb3 c5 36. Bd5 Qf4 37. a4 Be5 38. Qf3 Qxf3+ 39. Bxf3 Bd4 40. Bh2
c4 41. Kg2 c3 42. Bd1 Bf6 43. Bg1 Nd4 44. Bxd4 Bxd4 45. Kf3 Kg7 46. Kf4 Bf2 47.
h5 Kf6 48. Kf3 Bb6 49. Ke4 Kg5 50. Kd3 Ba5 51. Be2 gxh5 52. gxh5 f5 53. Bd1 Kf4
54. Ke2 Kg3 55. Kf1 f4 56. Bc2 0-1

[Event "Schachbundesliga-Katernberg"]
[Site "Katernberg/Germany"]
[Date "2010.03.21"]
[Round "13.4"]
[White "Efimenko"]
[Black "Bischoff"]
[Result "1-0"]
[ECO "B54"]
[WhiteElo "2654"]
[BlackElo "2561"]
[Annotator "Robot 3"]
[PlyCount "63"]
[EventDate "2010.??.??"]
[WhiteTeam "WBR"]
[BlackTeam "KAT"]
[TimeControl "40/6000+30:20/5400+30:900+30"]

1. e4 c5 2. Nf3 e6 3. d4 cxd4 4. Nxd4 Nc6 5. Nc3 d6 6. Be3 a6 7. Be2 Bd7 8. O-O
b5 9. a4 b4 10. Na2 Qb8 11. Qd2 Nge7 12. a5 Qb7 13. c3 bxc3 14. Nxc3 Nc8 15. b4
Be7 16. Bxa6 Qxa6 17. b5 Qxa5 18. Qb2 Ne5 19. Rxa5 Rxa5 20. Qb4 Bd8 21. h3 O-O
22. f4 Nd3 23. Qb1 Nc5 24. f5 Bf6 25. b6 Nb7 26. fxe6 fxe6 27. Qb3 Re8 28. Ndb5
Ne7 29. Nc7 Rc8 30. Ne2 d5 31. Bd4 Ba4 32. Qb2 1-0

[Event "Schachbundesliga-Katernberg"]
[Site "Katernberg/Germany"]
[Date "2010.03.21"]
[Round "13.7"]
[White "Siebrecht"]
[Black "Hracek"]
[Result "0-1"]
[ECO "A37"]
[WhiteElo "2456"]
[BlackElo "2606"]
[Annotator "Robot 3"]
[PlyCount "97"]
[EventDate "2010.??.??"]
[WhiteTeam "KAT"]
[BlackTeam "WBR"]
[TimeControl "40/6000+30:20/5400+30:900+30"]

1. Nf3 c5 2. c4 g6 3. Nc3 Bg7 4. g3 Nc6 5. Bg2 Nh6 6. h4 b6 7. h5 Bb7 8. d3 Nd4
9. e3 Nxf3+ 10. Bxf3 Bxf3 11. Qxf3 e6 12. Bd2 f5 13. hxg6 hxg6 14. O-O-O Kf7
15. e4 Ng4 16. Rxh8 Qxh8 17. Rh1 Qf8 18. exf5 gxf5 19. Ne4 Kg8 20. Ng5 Re8 21.
Nh3 Qf6 22. Bc3 Ne5 23. Qd1 Qg6 24. Nf4 Qg4 25. Nh5 Qxd1+ 26. Kxd1 Bh8 27. Kc2
Re7 28. f4 Nc6 29. Nf6+ Bxf6 30. Bxf6 Rh7 31. Rxh7 Kxh7 32. Kd2 Kg6 33. Bh4 Kh5
34. Ke3 Kg4 35. a3 d5 36. cxd5 exd5 37. Kf2 b5 38. Bf6 a5 39. Bg7 a4 40. Bf8 c4
41. dxc4 bxc4 42. Bg7 Na7 43. Bc3 Nb5 44. Be1 d4 45. Ke2 Nd6 46. Bf2 d3+ 47.
Ke3 Ne4 48. Be1 Kh3 49. Kd4 0-1

[Event "Schachbundesliga-Katernberg"]
[Site "Katernberg/Germany"]
[Date "2010.03.21"]
[Round "13.8"]
[White "Babula"]
[Black "Scholz"]
[Result "1-0"]
[ECO "E92"]
[WhiteElo "2569"]
[BlackElo "2373"]
[Annotator "Robot 3"]
[PlyCount "53"]
[EventDate "2010.??.??"]
[WhiteTeam "WBR"]
[BlackTeam "KAT"]
[TimeControl "40/6000+30:20/5400+30:900+30"]

1. d4 Nf6 2. c4 g6 3. Nc3 Bg7 4. e4 d6 5. Nf3 O-O 6. Be2 e5 7. Be3 h6 8. O-O
Ng4 9. Bc1 Nc6 10. d5 Ne7 11. Ne1 h5 12. h3 Nh6 13. f4 exf4 14. Bxf4 f5 15. Qd2
Nf7 16. Nf3 c5 17. Rae1 a6 18. Bd3 Qc7 19. exf5 Nxf5 20. Ne4 Nd4 21. Nxd4 Bxd4+
22. Be3 Be5 23. Nf6+ Kg7 24. Bh6+ Nxh6 25. Nxh5+ Kg8 26. Rxf8+ Kxf8 27. Qxh6+
1-0

[Event "Schachbundesliga-Katernberg"]
[Site "Katernberg/Germany"]
[Date "2010.03.21"]
[Round "13.1"]
[White "Vachier-Lagrave"]
[Black "Kempinski"]
[Result "1/2-1/2"]
[ECO "B66"]
[WhiteElo "2718"]
[BlackElo "2616"]
[Annotator "Robot 3"]
[PlyCount "89"]
[EventDate "2010.??.??"]
[WhiteTeam "MUL"]
[BlackTeam "HSK"]
[TimeControl "40/6000+30:20/5400+30:900+30"]

1. e4 c5 2. Nf3 d6 3. d4 cxd4 4. Nxd4 Nf6 5. Nc3 Nc6 6. Bg5 e6 7. Qd2 a6 8.
O-O-O h6 9. Nxc6 bxc6 10. Bf4 d5 11. Qe3 Be7 12. Be2 O-O 13. h4 Nd7 14. Qg3 Kh8
15. Bc7 Qe8 16. Rhe1 Bb7 17. Bf3 Rc8 18. Bd6 Bxd6 19. Qxd6 Qd8 20. g4 Qc7 21.
Qxc7 Rxc7 22. g5 hxg5 23. hxg5 g6 24. Bg4 Kg7 25. f4 Rh8 26. f5 gxf5 27. exf5
exf5 28. Bxf5 Nb6 29. Ne2 Bc8 30. Nd4 Bxf5 31. Nxf5+ Kg6 32. Ne7+ Kg7 33. Nf5+
Kg6 34. Re7 Rxe7 35. Nxe7+ Kxg5 36. Rg1+ Kf4 37. Rf1+ Ke4 38. Nxc6 f5 39. Re1+
Kf4 40. b3 Kg3 41. Re6 Nd7 42. Rd6 Rh7 43. Rxd5 f4 44. Rg5+ Kh4 45. Rg1 1/2-1/2

[Event "Schachbundesliga-Katernberg"]
[Site "Katernberg/Germany"]
[Date "2010.03.21"]
[Round "13.5"]
[White "Fridman"]
[Black "Hansen"]
[Result "1-0"]
[ECO "E06"]
[WhiteElo "2661"]
[BlackElo "2552"]
[Annotator "Robot 3"]
[PlyCount "65"]
[EventDate "2010.??.??"]
[WhiteTeam "MUL"]
[BlackTeam "HSK"]
[TimeControl "40/6000+30:20/5400+30:900+30"]

1. d4 Nf6 2. c4 e6 3. g3 d5 4. Nf3 Bb4+ 5. Bd2 Be7 6. Bg2 O-O 7. O-O c6 8. Bf4
b6 9. Qc2 Ba6 10. Nbd2 Nbd7 11. Rfe1 Nh5 12. e4 Nxf4 13. gxf4 Rc8 14. Rad1 Re8
15. Bh3 Rc7 16. Rc1 dxe4 17. Nxe4 Nf8 18. Rcd1 Bc8 19. Ng3 Ng6 20. Qe4 Rf8 21.
f5 exf5 22. Bxf5 Bb4 23. Re3 Re7 24. Qg4 Qc7 25. c5 bxc5 26. Rxe7 Nxe7 27.
Bxh7+ Kh8 28. Qh4 Ng8 29. Bxg8+ Kxg8 30. Ng5 Rd8 31. a3 Ba5 32. b4 cxb4 33. Re1
1-0